 Dungeon Crawl Stone Soup version 0.29.0-4-gdea44cf6ec (webtiles) character file.

Game seed: 12891932557436490295

1080 qw the Chopper (level 8, 0/49 HPs)
             Began as a Gargoyle Fighter on Sept 9, 2022.
             Slain by an ogre
             ... wielding a +0 giant spiked club
              (6 damage)
             ... on level 6 of the Dungeon.
             The game lasted 00:02:21 (5885 turns).

qw the Chopper (Gargoyle Fighter)                   Turns: 5885, Time: 00:02:22

Health: 0/49       AC: 19    Str: 22    XL:     8   Next: 29%
Magic:  8/8        EV:  7    Int:  9    God:
Gold:   282        SH:  4    Dex:  9    Spells: 7/7 levels left

rFire   . . .      SeeInvis .   Y - +0 war axe (vorpal)
rCold   . . .      Faith    .   c - +0 buckler
rNeg    + . .      Spirit   .   b - +0 chain mail
rPois   inf        Reflect  .   a - +2 helmet
rElec   +          Harm     .   (no cloak)
rCorr   .          Rampage  .   n - +0 pair of gloves
Will    .....                   (no boots)
Stlth   ..........              h - amulet of regeneration
HPRegen 0.96/turn               (no ring)
MPRegen 0.11/turn               (no ring)

@: no status effects
A: sickness immunity, AC +5, negative energy resistance 1, electricity
resistance, torment resistance 1, petrification resistance
a: no special abilities


You were on level 6 of the Dungeon.
You visited 1 branch of the dungeon, and saw 6 of its levels.

You collected 282 gold pieces.


Innate Abilities, Weirdness & Mutations

You are immune to sickness and miasma.
Your stone body is resilient. (AC +5)
You are immune to poison.
You resist negative energy. (rN+)
You are resistant to electric shocks. (rElec)
You are resistant to unholy torment.
You are immune to petrification.


   Skills:
 - Level 5.3 Fighting
 + Level 7.8 Axes
 - Level 1.0 Throwing
 - Level 3.2 Armour
 - Level 1.4 Dodging
 - Level 3.2 Shields


You had 7 spell levels left.
You didn't know any spells.
Your spell library was empty.

Inventory:

Hand Weapons
 p - a +0 flail
 Y - a +0 vorpal war axe (weapon)
Missiles
 f - 6 boomerangs (quivered)
Armour
 a - a +2 helmet (worn)
 b - a +0 chain mail (worn)
 c - a +0 buckler (worn)
 n - a +0 pair of gloves (worn)
Jewellery
 e - a ring of fire
 h - an amulet of regeneration (around neck)
Scrolls
 i - a scroll of identify
Potions
 d - a potion of might
 g - 2 potions of lignification
 j - a potion of haste
 l - a potion of attraction
 m - a potion of flight {unknown}

Dungeon Overview and Level Annotations

Branches:
Dungeon (6/15)
 Temple: D:4-7

Altars:

Shops:
D:1 :


Message History

You barely miss the yak.
The yak is moderately wounded.
You closely miss the adder. You barely miss the orc wizard.
You closely miss the yak. You barely miss the ogre.
The adder bites you but does no damage. You block the yak's attack.
The yak gores you. The orc wizard closely misses you.
The ogre hits you with a +0 giant spiked club!
You slash the yak!
The yak is heavily wounded.
You hit the adder. You hit the orc wizard. You hit the yak. You hit the ogre.
The adder bites you but does no damage. The yak gores you.
The yak gores you but does no damage.
The orc wizard hits you but does no damage.
The adder bites you but does no damage. The ogre closely misses you.
You barely miss the yak.
The yak is heavily wounded.
You closely miss the adder.
You hit the orc wizard but do no damage.
You hit the yak but do no damage. You slash the ogre!
The yak gores you but does no damage. x2
The orc wizard gestures wildly while chanting.
The orc wizard flickers and vanishes!
Deactivating autopickup; reactivate with Ctrl-A.
The adder bites you but does no damage. The orc hits you but does no damage.
The yak gores you but does no damage. Something hits you but does no damage.
The yak gores you. You block the ogre's attack.
You barely miss the ogre.
The ogre is severely wounded.
You closely miss the adder. You miss something.
You hit the yak but do no damage. You hit the orc.
You hit the yak but do no damage.
The adder bites you but does no damage. x2; The yak gores you!
The yak gores you.
You closely miss the ogre.
The ogre is severely wounded.
You slash the adder!
You kill the adder!
You hit the orc but do no damage. You hit the yak. You miss something.
You closely miss the yak.
The ogre hits you with a +0 giant spiked club.
You die...

... ..#. ...#
....#
#..#########
##....<...O.#
##...).O######
#...oo@##
#.....YY#
.###...Y#
#....# #......
........
###......
##....#.


You could see 3 yaks, an ogre, an orc wizard and an orc.

Vanquished Creatures
  A phantom (D:4)
  A necrophage (D:4)
  A gnoll sergeant (D:5)
  A scorpion (D:5)
  A howler monkey (D:4)
  3 orc priests
  4 hounds
  4 iguanas
  A gnoll bouda (D:5)
  Terence (D:2)
  3 orc wizards (D:4)
  Robin (D:2)
  17 gnolls
  5 adders
  3 worms (D:4)
  4 dart slugs
  12 orcs
  7 ball pythons
  7 bats
  7 endoplasms
  2 giant cockroaches (D:2)
  14 goblins
  10 hobgoblins
  2 jackals (D:5)
  8 kobolds
  2 quokkas
  3 frilled lizards
  7 rats
132 creatures vanquished.

Notes
Turn   | Place    | Note
-------+----------+-------------------------------------------
     0 | D:1      | qw the Gargoyle Fighter began the quest for the Orb.
     0 | D:1      | Reached XP level 1. HP: 14/14 MP: 1/1
     0 | D:1      | 0 ||| qw: Version: 0.1-a-113-g051387a
     0 | D:1      | 0 ||| qw: Game counter: 7092
     0 | D:1      | 0 ||| qw: Always use a shield: true
     0 | D:1      | 0 ||| qw: God list: Okawaru
     0 | D:1      | 0 ||| qw: Allow faded altars: false
     0 | D:1      | 0 ||| qw: Do Orc after D:15 true
     0 | D:1      | 0 ||| qw: Do second Lair branch before Depths: true
     0 | D:1      | 0 ||| qw: Lair rune preference: random
     0 | D:1      | 0 ||| qw: Plans: Normal, Zot, God:TSO, Crypt, Tomb, Zig,
                  | Orb
     0 | D:1      | 0 ||| PLANNING D:1-11
   307 | D:1      | Reached skill level 2 in Axes
   519 | D:1      | Reached XP level 2. HP: 14/19 MP: 2/2
   813 | D:1      | 813 ||| DROPPING +0 club.
   862 | D:1      | Reached skill level 3 in Axes
   910 | D:1      | Found a faded altar of an unknown god.
   956 | D:1      | Reached XP level 3. HP: 23/23 MP: 3/3
   959 | D:1      | Found Xiomm's Book Shoppe.
  1372 | D:1      | 1372 ||| UPGRADING to +0 helmet.
  1377 | D:1      | 1377 ||| READING scroll labelled XIWOWI SIROPH.
  1378 | D:1      | 1378 ||| READING scroll labelled IPHOEPOHAP.
  1379 | D:1      | 1379 ||| READING 2 scrolls labelled HUPIFOI OPLIRU.
  1380 | D:1      | 1380 ||| READING scroll labelled GAIKHL IDIPYHY.
  1418 | D:2      | 1418 ||| Stepping ~*~*~tactically~*~*~ (stealth).
  1446 | D:2      | 1446 ||| Stepping ~*~*~tactically~*~*~ (stealth).
  1451 | D:2      | Noticed Robin
  1455 | D:2      | Killed Robin
  1465 | D:2      | Reached XP level 4. HP: 24/28 MP: 4/4
  1467 | D:2      | 1467 ||| STAIRDANCE
  1471 | D:1      | Reached skill level 4 in Axes
  1608 | D:2      | 1608 ||| STAIRDANCE
  1631 | D:2      | 1631 ||| STAIRDANCE
  1660 | D:2      | 1660 ||| STAIRDANCE
  1665 | D:2      | 1665 ||| Stepping ~*~*~tactically~*~*~ (hiding).
  1720 | D:2      | 1720 ||| FLEEEEING.
  1721 | D:2      | 1721 ||| FLEEEEING.
  1723 | D:2      | 1723 ||| STAIRDANCE
  2061 | D:2      | Reached XP level 5. HP: 32/32 MP: 5/5
  2073 | D:2      | Noticed Terence
  2088 | D:2      | Killed Terence
  2383 | D:2      | 2383 ||| UPGRADING to +2 helmet.
  2393 | D:2      | 2393 ||| DROPPING +0 helmet.
  2394 | D:2      | 2394 ||| READING scroll labelled JOIREO VECLO.
  2395 | D:2      | 2395 ||| READING scroll labelled KEUMET VOLEE.
  2396 | D:2      | 2396 ||| READING 2 scrolls of identify.
  2396 | D:2      | 2396 ||| IDENTIFYING fizzy yellow potion
  2428 | D:3      | 2428 ||| Stepping ~*~*~tactically~*~*~ (stealth).
  2433 | D:3      | 2433 ||| Stepping ~*~*~tactically~*~*~ (stealth).
  2453 | D:3      | 2453 ||| Stepping ~*~*~tactically~*~*~ (stealth).
  2477 | D:3      | 2477 ||| Stepping ~*~*~tactically~*~*~ (stealth).
  2683 | D:3      | Reached skill level 5 in Axes
  2883 | D:3      | 2883 ||| Stepping ~*~*~tactically~*~*~ (stealth).
  2889 | D:3      | 2889 ||| Stepping ~*~*~tactically~*~*~ (stealth).
  3218 | D:3      | 3218 ||| DROPPING +0 whip.
  3272 | D:3      | 3272 ||| UPGRADING to +0 pair of gloves.
  3277 | D:3      | 3277 ||| UPGRADING to +3 ring mail.
  3287 | D:3      | 3287 ||| DROPPING +0 scale mail.
  3288 | D:3      | 3288 ||| READING scroll labelled PIPYLETILE.
  3292 | D:3      | 3292 ||| DRINKING 2 fizzy cyan potions.
  3396 | D:3      | 3396 ||| READING 2 scrolls of identify.
  3396 | D:3      | 3396 ||| IDENTIFYING bubbling black potion
  3397 | D:3      | 3397 ||| DROPPING potion of berserk rage.
  3444 | D:4      | 3444 ||| Stepping ~*~*~tactically~*~*~ (stealth).
  3498 | D:4      | 3498 ||| Stepping ~*~*~tactically~*~*~ (hiding).
  3650 | D:4      | Reached skill level 1 in Dodging
  3650 | D:4      | Reached XP level 6. HP: 33/38 MP: 6/6
  3726 | D:4      | 3726 ||| Stepping ~*~*~tactically~*~*~ (stealth).
  3734 | D:4      | 3734 ||| Stepping ~*~*~tactically~*~*~ (stealth).
  3754 | D:4      | 3754 ||| Stepping ~*~*~tactically~*~*~ (stealth).
  3755 | D:4      | 3755 ||| Stepping ~*~*~tactically~*~*~ (stealth).
  3756 | D:4      | 3756 ||| Stepping ~*~*~tactically~*~*~ (stealth).
  3771 | D:4      | 3771 ||| Stepping ~*~*~tactically~*~*~ (stealth).
  3773 | D:4      | 3773 ||| Stepping ~*~*~tactically~*~*~ (stealth).
  3774 | D:4      | 3774 ||| Stepping ~*~*~tactically~*~*~ (stealth).
  3775 | D:4      | 3775 ||| FLEEEEING.
  3783 | D:4      | 3783 ||| Stepping ~*~*~tactically~*~*~ (stealth).
  3800 | D:4      | 3800 ||| Stepping ~*~*~tactically~*~*~ (stealth).
  3801 | D:4      | 3801 ||| Stepping ~*~*~tactically~*~*~ (stealth).
  3808 | D:4      | 3808 ||| Stepping ~*~*~tactically~*~*~ (stealth).
  3824 | D:4      | HP: 5/38 [orc priest/divine providence (12)]
  3825 | D:4      | 3825 ||| DRINKING potion of heal wounds.
  4012 | D:4      | 4012 ||| Stepping ~*~*~tactically~*~*~ (stealth).
  4021 | D:4      | Reached skill level 6 in Axes
  4021 | D:4      | Reached XP level 7. HP: 43/43 MP: 7/7
  4027 | D:4      | 4027 ||| Stepping ~*~*~tactically~*~*~ (hiding).
  4061 | D:4      | 4061 ||| Stepping ~*~*~tactically~*~*~ (stealth).
  4062 | D:4      | 4062 ||| Stepping ~*~*~tactically~*~*~ (stealth).
  4087 | D:4      | Reached skill level 7 in Axes
  4541 | D:4      | 4541 ||| Stepping ~*~*~tactically~*~*~ (stealth).
  4636 | D:4      | 4636 ||| UPGRADING to +0 chain mail.
  4646 | D:4      | 4646 ||| DROPPING +3 ring mail.
  4647 | D:4      | 4647 ||| READING scroll labelled DAFFEXZUMELO.
  4648 | D:4      | 4648 ||| READING scroll labelled GANTIOXTAKH.
  4713 | D:4      | 4713 ||| DRINKING 2 brown potions.
  4714 | D:4      | 4714 ||| DRINKING 2 bubbling pink potions.
  4715 | D:4      | 4715 ||| DROPPING potion of brilliance.
  4720 | D:5      | Entered Level 5 of the Dungeon
  4736 | D:5      | HP: 10/43 [gnoll bouda/+0 whip (2)]
  4737 | D:5      | 4737 ||| DRINKING potion of heal wounds.
  5005 | D:5      | Reached XP level 8. HP: 49/49 MP: 8/8
  5030 | D:5      | 5030 ||| Stepping randomly (stuck).
  5032 | D:5      | 5032 ||| Stepping ~*~*~tactically~*~*~ (hiding).
  5046 | D:5      | Reached skill level 1 in Throwing
  5086 | D:5      | 5086 ||| Stepping ~*~*~tactically~*~*~ (hiding).
  5087 | D:5      | 5087 ||| Stepping ~*~*~tactically~*~*~ (hiding).
  5088 | D:5      | 5088 ||| Stepping ~*~*~tactically~*~*~ (hiding).
  5093 | D:5      | 5093 ||| Stepping ~*~*~tactically~*~*~ (hiding).
  5828 | D:5      | 5828 ||| UPGRADING to amulet of regeneration.
  5833 | D:5      | 5833 ||| READING scroll labelled UTHRA FUKHETULL.
  5834 | D:5      | 5834 ||| READING 3 scrolls of identify.
  5834 | D:5      | 5834 ||| IDENTIFYING fizzy silvery potion
  5835 | D:5      | 5835 ||| READING 2 scrolls of identify.
  5835 | D:5      | 5835 ||| IDENTIFYING bubbling puce potion
  5836 | D:5      | 5836 ||| DROPPING potion of degeneration.
  5875 | D:6      | Noticed a yak
  5875 | D:6      | Noticed a yak
  5876 | D:6      | 5876 ||| PLANNING SEWER
  5876 | D:6      | Noticed a yak
  5884 | D:6      | HP: 10/49 [yak (8)]
  5885 | D:6      | Slain by an ogre

Levels and vault maps discovered:
D:1:      eino_arrival_druids_welcome, layout_basic, serial_shops,
          nicolae_shop_advertising_works [nicolae_subvault_shop_adworks],
          shapermc_ecumenical_altar_petra
D:2:      layout_rooms, uniq_robin, uniq_terence
D:3:      layout_loops_ring, minmay_diced_spiral
D:4:      layout_loops_ring, minmay_manual_moon
D:5:      layout_rooms, serial_curves, eino_curves_03, eino_curves_01,
          minmay_misc_feat_tower, minmay_parallelograms, grunt_ministairs_3
D:6:      layout_layer_cave, lightli_temple_of_fire, kennysheep_mini_moat,
          doesnt_xom_only_xom, tgw_kikubaaqudgha, portal_sewer_entry_d,
          serial_bayou_lagoon_b

Skill      XL: |  1  2  3  4  5  6  7  8 |
---------------+-------------------------+-----
Axes           | 2 3 4 5 6 7 |  7.8
Fighting       | 4 5 |  5.3
Dodging        | 1 |  1.4
Throwing       | 1 |  1.0
Armour         | |  3.2
Shields        | |  3.2

Action                   |  1- 3 |  4- 6 |  7- 9 || total
-------------------------+-------+-------+-------++-------
Melee: War axe           |    93 |   177 |   126 ||   396
Throw: Boomerang         |       |     6 |    11 ||    17
  Use: Scroll            |     4 |     5 |     5 ||    14
       Potion            |       |     2 |     3 ||     5
Armor: Scale mail        |    63 |    57 |       ||   120
       Ring mail         |       |    24 |    19 ||    43
       Chain mail        |       |       |    57 ||    57
Dodge: Dodged            |    49 |    90 |    53 ||   192
Block: Buckler           |    22 |    30 |    32 ||    84

Table legend:
 A = Non-vault XP
 B = Vault XP
 C = Vault XP percentage of total XP
 D = Non-vault monster count
 E = Vault monster count
 F = Vault count percentage of total count
                 A         B        C        D         E       F
            +---------+---------+-------+---------+---------+-------
      Total |    1068 |     489 |  31.4 |     103 |      29 |  22.0
            +---------+---------+-------+---------+---------+-------
        D:1 |      63 |       0 |   0.0 |      28 |       0 |   0.0
        D:2 |      72 |      72 |  50.0 |      13 |      13 |  50.0
        D:3 |      76 |       8 |   9.5 |      18 |       4 |  18.2
        D:4 |     393 |     300 |  43.3 |      25 |       6 |  19.4
        D:5 |     448 |     109 |  19.6 |      17 |       6 |  26.1
        D:6 |      16 |       0 |   0.0 |       2 |       0 |   0.0
            +---------+---------+-------+---------+---------+-------
